 Dungeon Crawl Stone Soup version 0.31-a0-507-gbafd7f5274 (webtiles) character file.

Game seed: 11093741787924448660

4053 Crownlay the Thaumaturge (level 10, -26/56 HPs)
             Began as an Octopode Earth Elementalist on Aug 9, 2023.
             Was a High Priest of Makhleb.
             Annihilated by a two-headed ogre
             ... wielding a +0 giant club
              (27 damage)
             ... on level 8 of the Dungeon.
             The game lasted 00:15:36 (7067 turns).

Crownlay the Thaumaturge (OpEE)                     Turns: 7067, Time: 00:15:37

Health: -26/56     AC:  1    Str:  7    XL:     10   Next: 24%
Magic:  23/23      EV: 13    Int: 23    God:    Makhleb [*****.]
Gold:   349        SH:  0    Dex: 12    Spells: 23/27 levels left

rFire   . . .        o - +0 scythe (protect)
rCold   . . .        (shield currently unavailable)
rNeg    + . .        (helmet restricted)
rPois   .            p - amulet of magic regeneration
rElec   .            b - ring of positive energy
rCorr   .            c - +4 ring of slaying
SInv    .            (no ring)
Will    .....        (no ring)
Stlth   +++          (no ring)
HPRegen 0.29/turn    (no ring)
MPRegen 0.58/turn    (no ring)
                     (no ring)

%: no passive effects
@: studying Maces & Flails
A: almost no armour, amphibious, 8 rings, camouflage 1, gelatinous body 1,
(nimble swimmer 1), tentacles
a: Renounce Religion, Minor Destruction, Lesser Servant of Makhleb, Major
Destruction, Greater Servant of Makhleb


You were on level 8 of the Dungeon.
You worshipped Makhleb.
Makhleb was extremely pleased with you.
You visited 1 branch of the dungeon, and saw 8 of its levels.

You collected 469 gold pieces.
You spent 120 gold pieces at shops.

Inventory:

Hand Weapons
 o - a +0 scythe of protection (weapon)
 w - a +0 orcbow
Missiles
 i - a throwing net
Jewellery
 b - a ring of positive energy (left tentacle)
 c - a +4 ring of slaying (right tentacle)
 p - an amulet of magic regeneration (around mantle)
 r - an amulet of reflection
Talismans
 y - a dragon-blood talisman
Wands
 m - a wand of quicksilver (10)
 t - a wand of polymorph (12)
Scrolls
 d - 3 scrolls of enchant armour {unknown}
 e - 2 scrolls of revelation {unknown}
 f - 2 scrolls of vulnerability {unknown}
 h - a scroll of blinking {unknown}
 j - 2 scrolls of immolation {unknown}
 l - a scroll of butterflies {unknown}
 n - 3 scrolls of identify {unknown}
 s - a scroll of silence {unknown}
 u - a scroll of teleportation {unknown}
 z - a scroll of amnesia {unknown}
Potions
 a - a potion of magic
 g - 8 potions of curing
 k - a potion of mutation {unknown}
 q - a potion of enlightenment {unknown}
 v - 3 potions of lignification
 x - 2 potions of resistance {unknown}


   Skills:
 - Level 2.0 Dodging
 - Level 2.6 Stealth
 * Level 9.3 Spellcasting
 + Level 6.3 Conjurations
 - Level 1.0 Transmutations
 * Level 9.0 Earth Magic
 + Level 0.1 Invocations
 + Level 0.1 Shapeshifting


You had 23 spell levels left.
You knew the following spells:

 Your Spells              Type           Power      Damage    Failure   Level
a - Sandblast             Erth           100%       2d20      1%          1
b - Stone Arrow           Conj/Erth      92%        3d12      1%          3

Your spell library contained the following spells:

 Spells                   Type           Power      Damage    Failure   Level
 Magic Dart               Conj           100%       1d8       1%          1
 Passwall                 Tmut/Erth      27%        N/A       1%          2
 Searing Ray              Conj           78%        2d7       1%          2
 Petrify                  Tmut/Erth      33%        N/A       8%          4
 Ensorcelled Hibernation  Hex/Ice        20%        N/A       9%          2
 Fulminant Prism          Conj/Hex       12%        3d9       16%         4
 Swiftness                Air            10%        N/A       19%         3


Dungeon Overview and Level Annotations

Branches:
Dungeon (8/15)             Temple (0/1) D:7
   Lair: D:8-11

Altars:
Cheibriados
Gozag
Makhleb
Qazlal
Xom
The Shining One

Shops:
D:5 !!   D:7 :


Innate Abilities, Weirdness & Mutations

You cannot wear most types of armour.
You are amphibious.
You can wear up to eight rings at the same time.
Your skin changes colour to match your surroundings (Stealth+).
Your rubbery body absorbs attacks. (AC +1, EV +1)
((You are camouflaged when in or above water. (Stealth+)))
You have tentacles for arms and can constrict up to eight enemies at once.


Message History

You kill the orc!
Makhleb accepts your kill.
You feel better.
The orc wizard shouts!
The orc shouts! x3
A two-headed ogre comes into view. It is wielding two +0 giant clubs.
The blast of sand hits the orc!
You kill the orc!
Makhleb accepts your kill.
An orc warrior comes into view. It is wielding a +0 glaive.
The blast of sand misses the orc wizard.
The orc warrior shouts!
You hear a shout!
The orc misses you. The orc completely misses you.
The orc wizard hits you with a +2 dagger of electrocution.
You are electrocuted!
The blast of sand hits the orc wizard!
The orc wizard is almost dead.
The orc wizard mumbles some strange words.
The orc wizard flickers and vanishes!
Deactivating autopickup; reactivate with Ctrl-A.
The orc hits you with a +0 hand axe! The orc completely misses you.
The blast of sand hits the orc.
The orc is lightly wounded.
The killer bee buzzes angrily.
Something hits you.
A kobold comes into view. It is wielding a +0 dagger.
The orc hits you with a +0 hand axe.
The orc hits you with a +0 vampiric hand axe. x2
You hear some strange, mumbled words.
Something tries to affect you, but you resist.
The orc closely misses you.
You are too injured to fight recklessly!
Something hits you.
You hear some strange, mumbled words.
A puff of flame appears from out of thin air!
The puff of flame misses you.
The two-headed ogre attacks as you move away!
The two-headed ogre hits you with a +0 giant club!!
* * * LOW HITPOINT WARNING * * *
The two-headed ogre hits you with a +0 giant club!!
You die...

##..........###...... ..
#.###.##...###.[.... ...
##...#..#....#)......
.... .......##...........
.?..##. ##...##.).......#
#......##......)......#.#
#.......#.............#..
#...)){.#............)##.
#....ooo@...........#....
##.....O...........###...
#..y..............#.....
#....o...?.......<###..##
....####...............#
..K# ##........##....#
#.. ##............... #.
........####....
......... ....


You could see a two-headed ogre, an orc warrior, a killer bee, 3 orcs and a
kobold (wandering).

Vanquished Creatures
  Prince Ribbit (D:5)
  Grinder (D:3)
  Sigmund (D:3)
  Edmund (D:4)
  Duvessa (D:4)
  2 ice beasts
  3 sky beasts
  2 black bears
  2 ogres
  4 centaurs
  A phantom (D:6)
  3 kobold brigands
  2 scorpions
  2 bullfrogs
  9 wights
  Dowan (D:4)
  5 killer bees
  A howler monkey (D:4)
  2 jellies
  An orc priest (D:4)
  2 hounds (D:5)
  5 iguanas
  4 orc wizards (D:3)
  A scorpion zombie (D:3)
  Natasha (thrice) (D:3)
  3 hound zombies (D:3)
  13 gnolls
  5 adders
  6 shadow imps
  2 white imps (D:5)
  3 adder zombies (D:3)
  3 worms (D:2)
  A dart slug (D:3)
  19 orcs
  5 ball pythons
  7 bats
  10 endoplasms
  A giant cockroach (D:2)
  5 goblins
  10 hobgoblins
  7 jackals
  19 kobolds
  3 quokkas
  5 frilled lizards
  A jackal skeleton (D:3)
  A jackal zombie (D:3)
  A quokka skeleton (D:3)
  4 rats
194 creatures vanquished.

Notes
Turn   | Place    | Note
-------+----------+-------------------------------------------
     0 | D:1      | Crownlay the Octopode Earth Elementalist began the quest
                  | for the Orb.
     0 | D:1      | Reached XP level 1. HP: 11/11 MP: 3/3
   160 | D:1      | Reached XP level 2. HP: 17/17 MP: 3/5
   706 | D:1      | Reached XP level 3. HP: 21/21 MP: 5/7
   710 | D:1      | Learned a level 3 spell: Stone Arrow
   809 | D:1      | Found a faded altar of an unknown god.
  1026 | D:1      | Prayed at the altar of an unknown god.
  1026 | D:1      | Became a worshipper of Makhleb the Destroyer
  1026 | D:1      | Reached * piety under Makhleb
  1253 | D:2      | Reached XP level 4. HP: 27/27 MP: 1/9
  1712 | D:2      | Reached XP level 5. HP: 27/31 MP: 5/10
  1906 | D:2      | Reached ** piety under Makhleb
  1949 | D:2      | Reached skill level 1 in Conjurations
  2291 | D:3      | Noticed Grinder
  2407 | D:3      | Paralysed by Grinder for 3 turns
  2420 | D:3      | Killed Grinder
  2421 | D:3      | Reached XP level 6. HP: 36/36 MP: 2/13
  2425 | D:3      | Found a shimmering altar of Xom.
  2534 | D:3      | Reached skill level 5 in Spellcasting
  2739 | D:3      | Found a stormy altar of Qazlal.
  2739 | D:3      | Noticed a sky beast
  2745 | D:3      | Killed a sky beast
  2746 | D:3      | Reached XP level 7. HP: 31/41 MP: 9/14
  3004 | D:3      | Reached skill level 5 in Earth Magic
  3159 | D:3      | Noticed Sigmund
  3162 | D:3      | Killed Sigmund
  3303 | D:3      | Reached *** piety under Makhleb
  3338 | D:3      | Noticed Natasha
  3342 | D:3      | Killed Natasha
  3384 | D:3      | Noticed Natasha
  3388 | D:3      | Killed Natasha
  3389 | D:3      | Reached XP level 8. HP: 42/46 MP: 14/17
  3434 | D:3      | Noticed Natasha
  3438 | D:3      | Killed Natasha
  4066 | D:4      | Noticed Edmund
  4072 | D:4      | Killed Edmund
  4363 | D:4      | Noticed Duvessa
  4364 | D:4      | Noticed Dowan
  4369 | D:4      | Killed Duvessa
  4372 | D:4      | Killed Dowan
  4508 | D:5      | Entered Level 5 of the Dungeon
  4714 | D:5      | Noticed Prince Ribbit
  4737 | D:5      | Killed Prince Ribbit
  4738 | D:5      | Reached XP level 9. HP: 45/51 MP: 18/20
  4914 | D:5      | Found an opulent altar of Gozag.
  4931 | D:5      | Reached **** piety under Makhleb
  5072 | D:5      | Found Qixaamurus's Distillery.
  5152 | D:5      | Found Lisiupruro's Distillery.
  5161 | D:5      | Bought a potion of attraction for 30 gold pieces
  5161 | D:5      | Bought a potion of degeneration for 10 gold pieces
  5161 | D:5      | Bought a potion of heal wounds for 50 gold pieces
  5161 | D:5      | Bought a potion of lignification for 30 gold pieces
  5239 | D:6      | Reached skill level 5 in Conjurations
  5355 | D:6      | You fall into a shaft and drop 1 floor!
  6057 | D:7      | Found a staircase to the Ecumenical Temple.
  6140 | D:7      | Identified the +0 leather armour "Vohof" {rF++ MP+9 Int+2}
  6213 | D:7      | Found a snail-covered altar of Cheibriados.
  6292 | D:7      | Found Wyhoem's Book Boutique.
  6340 | D:7      | Found a glowing golden altar of the Shining One.
  6377 | D:7      | Reached XP level 10. HP: 56/56 MP: 20/22
  6914 | D:8      | Reached ***** piety under Makhleb
  7061 | D:8      | Noticed a two-headed ogre
  7067 | D:8      | HP: 1/56 [two-headed ogre/+0 giant club (18)]
  7067 | D:8      | Annihilated by a two-headed ogre

Illustrated notes

Levels and vault maps discovered:
D:1:      minmay_arrival_plants_in_alcoves, layout_loops_ring,
          shapermc_ecumenical_altar_flowoftime
D:2:      layout_loops_cross
D:3:      layout_loops_ring, xom_teletrap_fun, nicolae_qazlal_eye_of_the_storm,
          serial_undead, serial_undead_a, serial_undead_e, serial_undead_a,
          serial_undead_b, serial_undead_a, minmay_crystal_room, uniq_grinder,
          uniq_sigmund, uniq_natasha
D:4:      layout_cave_pods, chequers_serial_rivers_micro_d,
          minmay_misc_feat_alley, uniq_edmund, uniq_duvessa
D:5:      layout_loops_ring, mainiacjoe_overflow_small_starburst, serial_shops,
          nicolae_lakefront_shop, serial_demonic, serial_demonic_b,
          serial_demonic_c, serial_demonic_f, serial_demonic_d,
          nicolae_take_the_stairs, nicolae_twisty_statue_hallways,
          uniq_prince_ribbit1
D:6:      layout_gridville, hangedman_decor_clover_reticule
D:7:      layout_basic, nicolae_tso_swordbearing_angel, cheibriados_altar_1,
          temple_pool_b, serial_shops, nicolae_lakefront_shop
D:8:      layout_cave_pools, trog_wizard

Skill      XL: |  1  2  3  4  5  6  7  8  9 10 |
---------------+-------------------------------+-----
Spellcasting   | 3 4 5 6 7 8 9 |  9.3
Conjurations   | 2 3 4 6 |  6.3
Earth Magic    | 4 5 6 8 9 |  9.0
Dodging        | |  2.0
Stealth        | |  2.6
Transmutations | |  1.0
Invocations    | |  0.1
Shapeshifting  | |  0.1

Action                     |  1- 3 |  4- 6 |  7- 9 | 10-12 || total
---------------------------+-------+-------+-------+-------++-------
  Melee: Unarmed           |     3 |     5 |       |       ||     8
         Constrict         |     3 |     1 |       |       ||     4
         Tentacles         |     1 |     3 |       |       ||     4
   Cast: Sandblast         |    43 |    83 |   182 |    48 ||   356
         Stone Arrow       |       |     1 |     9 |       ||    10
    Use: Potion            |       |       |       |     2 ||     2
 Armour: Skin              |     1 |     2 |     2 |     2 ||     7
  Dodge: Dodged            |    18 |    30 |    63 |    26 ||   137

Table legend: (Time is in decaauts)
 A = Elapsed time spent in this place.
 B = Non-inter-level travel time spent in this place.
 C = Inter-level travel time spent in this place.
 D = Time resting spent in this place.
 E = Time spent auto-exploring this place.
 F = Levels seen in this place.
 G = Mean time per level.
                   A        B        C        D        E       F      G
               +--------+--------+--------+--------+--------+-----+--------+
         Total |   7245 |   7080 |    165 |    197 |   5761 |   8 |  905.6 |
       Dungeon |   7245 |   7080 |    165 |    197 |   5761 |   8 |  905.6 |
               +--------+--------+--------+--------+--------+-----+--------+

Top non-repeatable levels by time:
     D:3: 1255 daAuts
     D:2: 1189 daAuts
     D:4: 1098 daAuts
     D:1: 1060 daAuts
     D:7: 957 daAuts
     D:5: 770 daAuts
     D:6: 620 daAuts
     D:8: 293 daAuts
